 Dungeon Crawl Stone Soup version 0.31.0-11-ge490571c62 (webtiles) character file.

Game seed: 13950399026796449538

523 Monkooky the Changeling (level 6, 0/47 HPs)
             Began as a Demigod Shapeshifter on Jan 29, 2024.
             Incinerated by a bombardier beetle (5 damage)
             ... with a burning spray
             ... on level 4 of the Dungeon.
             The game lasted 00:07:15 (3282 turns).

Monkooky the Changeling (Demigod Shapeshifter)      Turns: 3282, Time: 00:07:16

Health: 0/47       AC: 10    Str: 15    XL:     6   Next: 70%
Magic:  8/8        EV:  4    Int: 12    God:
Gold:   211        SH:  0    Dex: 21    Spells: 5/5 levels left

rFire   . .          .
                       - Unarmed
rCold   . . .        (no shield)
rNeg    . . .        n - +0 plate armour
rPois   +            (helmet currently unavailable)
rElec   .            (cloak currently unavailable)
rCorr   .            (gloves currently unavailable)
SInv    .            (boots currently unavailable)
Will    .....        (no amulet) Stlth
                     l - ring of poison resistance
HPRegen 0.27/turn    (no ring)
MPRegen 0.11/turn

%: no passive effects
@: on fire, beast-form, glowing
A: beast (slay +3), high MP 1, forlorn, divine attributes
a: Begin Untransformation


You were on level 4 of the Dungeon.
You were a hulking beast.
You visited 1 branch of the dungeon, and saw 4 of its levels.
You also visited: Sewer.

You collected 211 gold pieces.

Inventory:

Missiles
 v - 6 boomerangs (quivered)
Armour
 a - a +0 animal skin
 m - a +0 scale mail
 n - a +0 plate armour (worn)
 s - a +0 helmet
Jewellery
 h - a ring of ice
 l - a ring of poison resistance (left hand)
Talismans
 c - a beast talisman
 d - a flux talisman
Wands
 o - a wand of iceblast (5)
 t - a wand of polymorph (8)
Scrolls
 e - 3 scrolls of teleportation
 f - 3 scrolls of enchant armour
 g - 2 scrolls of noise
 q - a scroll of fear
 r - 2 scrolls of revelation
 u - a scroll of fog {unknown}
 w - a scroll of identify
 x - a scroll of poison {unknown}
Potions
 b - a potion of might {unknown}
 i - a potion of mutation {unknown}
 j - 3 potions of curing {unknown}
 k - a potion of haste {unknown}
 p - 2 potions of enlightenment {unknown}


   Skills:
 - Level 1.1 Fighting
 - Level 1.9 Dodging
 - Level 2.8 Unarmed Combat
 + Level 6.6 Shapeshifting


You had 5 spell levels left.
You didn't know any spells.
Your spell library contained the following spells:

 Spells                   Type           Power      Damage    Failure   Level
 Call Canine Familiar     Summ           0%         N/A       100%        3
 Sigil of Binding         Hex            0%         N/A       100%        3
 Dimensional Bullseye     Hex/Tloc       0%         N/A       100%        4
 Summon Forest            Summ/Tloc      0%         N/A       100%        5
 Eringya's Noxious Bog    Alch           0%         4d6       100%        6
 Summon Hydra             Summ           0%         N/A       100%        7


Dungeon Overview and Level Annotations

Branches:
Dungeon (4/15)             Temple (0/1) D:4           Sewer (visited)

Shops:
D:2 ?   D:4 (?(:

Annotations:
D:3 exclusion: 2 downstairs
D:4 Menkaure


Innate Abilities, Weirdness & Mutations

You are a hulking beast.
Your limbs bulge with bestial killing power. (Slay +3)
You have an increased reservoir of magic. (+10% MP)
You shall have no god before yourself.
Your divine heritage dramatically boosts your attributes as you level up.


Message History

The burning spray hits you.
You are covered in liquid fire!
You shake off some of the fire as you move.
The liquid fire burns you!
The bombardier beetle sprays incendiary fluid at you.
The burning spray hits you.
You are even more covered in liquid fire!
You completely miss the bombardier beetle.
The liquid fire burns you!
You hit the bombardier beetle.
The bombardier beetle is moderately wounded.
The liquid fire burns you!
The bombardier beetle bites you but does no damage.
You hit the bombardier beetle.
The bombardier beetle is heavily wounded.
The liquid fire burns you!
You shake off some of the fire as you move.
The liquid fire burns you!
The bombardier beetle sprays incendiary fluid at you.
The burning spray hits you.
You are even more covered in liquid fire!
You shake off some of the fire as you move.
The liquid fire burns you!
The bombardier beetle bites you but does no damage.
You shake off some of the fire as you move.
The liquid fire burns you!
* * * LOW HITPOINT WARNING * * *
Aiming: Iceblast
Press: ? - help, Shift-Dir - straight line The mass of ice explodes!
The iceblast engulfs the bombardier beetle!
You kill the bombardier beetle!
The liquid fire burns you!
* * * LOW HITPOINT WARNING * * *
You shake off some of the fire as you move.
The liquid fire burns you!
* * * LOW HITPOINT WARNING * * *
You shake off some of the fire as you move.
The liquid fire burns you!
You die...

#######
♣♣♣♣♣♣♣♣♣#.....##
♣.......♣#.###..#
###♣.∩.∩...♣#.# ##.#
..........h...####.#
≈≈≈≈≈≈≈≈≈≈≈≈≈≈≈≈≈#.#
≈≈≈≈≈≈≈≈≈≈≈≈≈≈≈≈≈..#
..............###.##
###♣.∩.⌠.∩.♣#.###.#
♣.......♣#.....#
♣♣♣♣♣♣♣♣♣####.##
######....#
#.........#


There were no monsters in sight!

Vanquished Creatures
  A black bear (D:4)
  An ice beast (D:4)
  A crocodile (Sewer)
  A scorpion (D:4)
  A bombardier beetle (D:4)
  Terence (D:2)
  Robin (D:4)
  6 adders
  A ribbon worm (D:3)
  2 orcs (D:3)
  8 endoplasms
  3 giant cockroaches
  11 goblins
  6 hobgoblins (D:3)
  3 jackals (Sewer)
  12 kobolds
  4 quokkas
  4 ball pythons (D:1)
  5 bats
  7 frilled lizards
  6 rats
  A butterfly (D:3)
86 creatures vanquished.

Notes
Turn   | Place    | Note
-------+----------+-------------------------------------------
     0 | D:1      | Monkooky the Demigod Shapeshifter began the quest for the
                  | Orb.
     0 | D:1      | Reached XP level 1. HP: 15/15 MP: 3/3
    35 | D:1      | Reached skill level 1 in Fighting
   131 | D:1      | Reached XP level 2. HP: 16/23 MP: 4/4
   136 | D:1      | Reached skill level 3 in Shapeshifting
   962 | D:2      | Reached XP level 3. HP: 14/28 MP: 5/5
  1436 | D:2      | Noticed Terence
  1453 | D:2      | Killed Terence
  1454 | D:2      | Reached skill level 4 in Shapeshifting
  1565 | D:2      | Found Yqosk's Magic Scroll Boutique.
  1813 | D:3      | Reached XP level 4. HP: 32/35 MP: 6/6
  2077 | D:3      | Found a glowing drain.
  2083 | Sewer    | Entered a sewer
  2159 | Sewer    | Noticed a crocodile
  2171 | Sewer    | Killed a crocodile
  2172 | Sewer    | Reached skill level 5 in Shapeshifting
  2172 | Sewer    | Reached XP level 5. HP: 39/40 MP: 7/7
  2556 | D:4      | Noticed Menkaure
  2670 | D:4      | Found a staircase to the Ecumenical Temple.
  2674 | D:4      | Noticed Robin
  2795 | D:4      | Killed Robin
  2886 | D:4      | Noticed an ice beast
  2902 | D:4      | Killed an ice beast
  2903 | D:4      | Reached skill level 6 in Shapeshifting
  2903 | D:4      | Reached XP level 6. HP: 16/47 MP: 8/8
  3266 | D:4      | Found Yggeerr's Book Shop.
  3270 | D:4      | Found Kij Ryda's Antique Armour Emporium.
  3270 | D:4      | Found Kiphahum's Antique Weapon Shoppe.
  3270 | D:4      | Found Lilis's Weapon Emporium.
  3270 | D:4      | Found Lixu's Magic Scroll Shop.
  3282 | D:4      | Incinerated by a bombardier beetle

Illustrated notes

Levels and vault maps discovered:
D:1:      dpeg_arrival_simpleton_b, layout_basic, st_stairs_1
D:2:      layout_loops_cross, basic_altar, serial_shops, shop, uniq_terence
D:3:      layout_basic, nicolae_elyvilon_temple_path,
          mainiacjoe_sewer_entry_somewhere_in_here_1
D:4:      layout_rooms, minmay_temple_entry_butterflies, ebering_ghost_sewer_d,
          nicolae_wooded_promenade, minmay_quadrilaterals, uniq_robin,
          uniq_menkaure

Skill      XL: |  1  2  3  4  5 |
---------------+----------------+-----
Fighting       | 1 |  1.1
Shapeshifting  | 3 4 5 6 |  6.6
Dodging        | |  1.9
Unarmed Combat | |  2.8

Action                     |  1- 3 |  4- 6 || total
---------------------------+-------+-------++-------
  Melee: Unarmed           |   119 |   189 ||   308
         Punch             |     4 |     4 ||     8
  Evoke: Wand              |     1 |     2 ||     3
    Use: Scroll            |     3 |     2 ||     5
         Potion            |       |     1 ||     1
   Stab: Sleeping          |     1 |       ||     1
 Armour: Animal skin       |    47 |       ||    47
         Plate armour      |    18 |   206 ||   224
         Scale mail        |     4 |       ||     4
         Skin              |       |     7 ||     7
  Dodge: Dodged            |    62 |    52 ||   114
